[Event "Team 45 45 League T24"]
[Site "Internet Chess Club"]
[Date "2004.09.26"]
[Round "3"]
[White "JoshLilly"]
[Black "Rookmaster"]
[Result "1/2-1/2"]
[WhiteElo "1847"]
[BlackElo "1814"]
[TimeControl "2700+45"]

1. c4 Nf6 2. Nc3 e6 3. Nf3 d5 4. cxd5 exd5 5. d4 Be7 6. e3 O-O 7. Be2 c6 8. O-O
Re8 9. Qc2 Bg4 10. h3 Bh5 11. Bd2 Bd6 12. Rfe1 Nbd7 13. a3 Rc8 14. b4 Ne4 15.
Na4 Bg6 16. Qb2 Qf6 17. Nc5 Ndxc5 18. bxc5 Bxc5 19. Qxb7 Bb6 20. Red1 Bf5 21.
Be1 Rc7 22. Qa6 g5 23. Nh2 Bc8 24. Qa4 Bd7 25. Bg4 Bxg4 26. Nxg4 Qe6 27. Rdc1
Rec8 28. Ne5 f6 29. Nd3 c5 30. dxc5 Nxc5 31. Nxc5 Bxc5 32. Rc2 Bb6 33. Rac1 Rxc2
34. Rxc2 Rxc2 35. Qxc2 d4 36. e4 Kg7 37. Qd3 Qe5 38. f3 h5 39. Bf2 Qc5 40. g3
Qc3 41. Qb5 d3 42. Qd7+ Kh6 43. Bxb6 Qe1+ 44. Kg2 d2 45. Qf7 Qe2+ 46. Bf2 d1=Q
47. Qf8+ {Game drawn by mutual agreement} 1/2-1/2

[Event "Team 45 45 League T24"]
[Site "Internet Chess Club"]
[Date "2004.09.24"]
[Round "3"]
[White "Kingofknights"]
[Black "mitdale"]
[Result "1-0"]
[WhiteElo "1719"]
[BlackElo "1661"]
[TimeControl "2700+45"]

1. d4 Nf6 2. c4 c5 3. d5 e6 4. Nc3 exd5 5. cxd5 d6 6. e4 g6 7. Nf3 Bg7 8. Bc4
O-O 9. O-O a6 10. a4 Re8 11. Re1 Nbd7 12. a5 Ne5 13. Nxe5 Rxe5 14. f4 Re8 15.
Qd3 Qc7 16. Bd2 Bd7 17. Na4 Bxa4 18. Rxa4 Qd7 19. Ra2 Rad8 20. Bc3 Qg4 21. g3
Qh3 22. b3 Re7 23. Qf3 Rde8 24. Rae2 Qg4 25. Qxg4 Nxg4 26. Bxg7 Kxg7 27. h3 Nf6
28. e5 dxe5 29. d6 Rd7 30. fxe5 Nh5 31. Kg2 Kf8 32. Bxf7 Rxf7 33. e6 Nf6 34.
exf7 Rd8 35. Re7 Rxd6 36. Re8+ Kxf7 37. R1e7# {Black checkmated} 1-0

[Event "Team 45 45 League T24"]
[Site "Internet Chess Club"]
[Date "2004.09.26"]
[Round "3"]
[White "Chess2Play"]
[Black "OxidisedLizard"]
[Result "0-1"]
[WhiteElo "1675"]
[BlackElo "1771"]
[TimeControl "2700+45"]

1. d4 Nf6 2. c4 g6 3. Nc3 Bg7 4. e4 d6 5. Nf3 O-O 6. Be2 e5 7. d5 a5 8. Bg5 h6
9. Bh4 Na6 10. O-O g5 11. Bg3 Nh5 12. Nd2 Nf4 13. Bg4 Bxg4 14. Qxg4 f5 15. Qd1
Qe8 16. Bxf4 gxf4 17. exf5 Rxf5 18. Nce4 Qg6 19. Qf3 Raf8 20. a3 h5 21. Rac1 b6
22. Rb1 a4 23. b4 axb3 24. Rxb3 h4 25. h3 Kh7 26. Qg4 Qh5 27. Qxh5+ Rxh5 28. f3
Bf6 29. Kh1 Rh6 30. Nxf6+ Rhxf6 31. Ne4 Rg6 32. Rb4 Nxb4 33. axb4 Rgg8 34. Ra1
Ra8 35. Nf6+ Kg6 36. Nxg8 Rxa1+ 37. Kh2 Rb1 38. Ne7+ Kf7 39. Nc8 Rxb4 40. c5
dxc5 41. d6 cxd6 42. Nxd6+ Ke6 43. Nc8 c4 {White resigns} 0-1

[Event "Team 45 45 League T24"]
[Site "Internet Chess Club"]
[Date "2004.09.28"]
[Round "3"]
[White "DaveTheRook"]
[Black "Garry"]
[Result "1-0"]
[WhiteElo "1638"]
[BlackElo "1427"]
[TimeControl "2700+45"]

1. d4 d5 2. Nf3 Bg4 3. Qd3 Bxf3 4. Qxf3 Nf6 5. Bf4 e6 6. Nd2 Nc6 7. c3 Bd6 8.
Bg5 Be7 9. e3 h6 10. Bxf6 Bxf6 11. Bd3 Bg5 12. O-O e5 13. Bb5 e4 14. Qf5 Qd6 15.
f4 exf3 16. Rxf3 Qe6 17. Qxe6+ fxe6 18. Raf1 Bf6 19. Nb3 a6 20. Bd3 b6 21. Bg6+
Ke7 22. Nd2 Rhf8 23. h4 Kd7 24. g3 Ne7 25. Bd3 Nc6 26. e4 dxe4 27. Bxe4 Rae8 28.
Bg6 Re7 29. Ne4 Nd8 30. Nxf6+ Rxf6 31. Rxf6 gxf6 32. Rxf6 Rg7 33. h5 Ke7 34. Rf1
Nf7 35. Rxf7+ Rxf7 36. Bxf7 Kxf7 37. Kf2 c5 38. dxc5 bxc5 39. Kf3 Kf6 40. b4
cxb4 41. cxb4 {Black resigns} 1-0

[Event "Team 45 45 League T24"]
[Site "Internet Chess Club"]
[Date "2004.09.24"]
[Round "3"]
[White "softbunney"]
[Black "Anicca"]
[Result "1/2-1/2"]
[WhiteElo "2182"]
[BlackElo "2234"]
[TimeControl "2700+45"]

1. d4 Nf6 2. c4 e6 3. Nf3 Bb4+ 4. Nbd2 O-O 5. g3 b6 6. Bg2 Bb7 7. O-O Bxd2 8.
Nxd2 Bxg2 9. Kxg2 d5 10. f3 Nc6 11. cxd5 exd5 12. Nb3 a5 13. Be3 Re8 14. Bf2 Qd6
15. Nc1 Re7 16. Nd3 Rae8 17. Re1 Nb4 18. a3 Nxd3 19. Qxd3 h6 20. e3 c5 21. b3 g5
22. g4 Qe6 23. h3 Rc8 24. a4 c4 25. bxc4 dxc4 26. Qc2 c3 27. e4 Rec7 28. d5 Qd7
29. Bxb6 Rb7 30. Reb1 Rcb8 31. Bf2 Rxb1 32. Rxb1 Rxb1 33. Qxb1 Qxa4 34. Qb8+ Kg7
35. Qc7 Qb4 36. Kg3 a4 37. Be1 Qd4 38. Kh2 a3 39. Qxc3 Qxc3 40. Bxc3 Kg6 41. Kg2
Nd7 42. Kf2 f6 43. Ke3 Kf7 44. f4 gxf4+ 45. Kxf4 a2 46. Ke3 Nc5 47. Kd4 Nb3+ 48.
Kc4 Nd2+ 49. Kd3 Nb3 50. Kc2 Nc5 51. e5 fxe5 52. Bxe5 Nd7 53. Bd4 Nc5 54. h4 Kg6
55. Bh8 Kh7 56. Be5 Kg6 57. Bd4 Kf7 58. Ba1 Ne4 59. Kb2 Nf6 60. Kxa2 Nxd5 61.
Bd4 Nf4 62. Kb3 Ng6 63. h5 Nh4 64. Be3 Kg7 65. Kc4 Nf3 66. Bf4 Ne1 67. Kd4 Kh7
68. Ke4 Nc2 69. Bd6 Na1 70. Kd3 Nb3 71. Bb4 Nc1+ 72. Kd2 Nb3+ 73. Ke3 Nc1 74.
Bd6 Nb3 75. Bb4 Kg8 76. Ke4 Kh7 77. Bf8 Nd2+ 78. Kf5 Nc4 79. Bc5 Na5 80. Kf6 Nc4
81. Kf5 Na5 82. Be3 Nc6 83. Kf6 Nb8 84. Kf7 Nc6 85. Kf6 Nb8 86. Bf4 Nd7+ 87. Ke6
Nc5+ 88. Kf7 Ne4 89. Be3 Nc3 90. Ke6 Ne4 91. Ke5 Nc3 92. Bd2 Nb5 93. Kf6 Nc7 94.
Ke7 Nb5 95. Ke6 Nc7+ 96. Kf5 Nb5 97. Kf6 Nc7 98. Ke5 Nb5 99. Ba5 Na3 100. Kf4
Nb5 101. Kg3 Nd4 102. Bd2 Ne6 103. Kh4 Kg7 104. Be3 Kh7 105. Bd2 Kg7 106. Bc3+
Kh7 107. Be5 Nc5 108. Bd6 Ne6 109. Be5 Nc5 110. Bc3 Ne6 111. Bf6 Nc5 112. Be7
Ne6 113. Kg3 Nc7 114. Bf8 Ne6 115. Bd6 Ng5 116. Kf4 Kg7 {Game drawn by the 50
move rule} 1/2-1/2

[Event "Team 45 45 League T24"]
[Site "Internet Chess Club"]
[Date "2004.09.28"]
[Round "3"]
[White "trevor21"]
[Black "Zornorph"]
[Result "1-0"]
[WhiteElo "2202"]
[BlackElo "1876"]
[TimeControl "2700+45"]

1. d4 Nf6 2. c4 e5 3. d5 Bc5 4. Nc3 d6 5. Bg5 Bxf2+ 6. Kxf2 Ng4+ 7. Ke1 Qxg5 8.
Nf3 Qe3 9. Qd3 a6 10. h3 Qf2+ 11. Kd2 Nf6 12. Qe3 Qxe3+ 13. Kxe3 Nbd7 14. b4 Nh5
15. g4 Nf4 16. Ne4 a5 17. b5 b6 18. Kf2 O-O 19. e3 Ng6 20. h4 f5 21. gxf5 Ne7
22. Bh3 Nxf5 23. Rag1 Nc5 24. Nxc5 bxc5 25. Ke2 h6 26. h5 Ne7 27. Nh4 Bxh3 28.
Rxh3 Nf5 29. Ng6 Rf7 30. Rh2 Ne7 31. Nh4 Nf5 32. Nxf5 Rxf5 33. Rhg2 Rf7 34. Rg6
Kh7 35. b6 Rb8 36. bxc7 Rb2+ 37. Kd3 Rxc7 38. Rxd6 Rxa2 39. Ke4 Rh2 40. Rc6 Ra7
41. d6 a4 42. Rc7 Ra8 43. Rgxg7+ Kh8 44. Rh7+ Kg8 45. Rcg7+ Kf8 46. Rh8+ Kxg7
47. Rxa8 Rd2 48. Kxe5 Rd3 49. e4 a3 50. Ke6 Rf3 51. d7 {Black resigns} 1-0

[Event "Team 45 45 League T24"]
[Site "Internet Chess Club"]
[Date "2004.09.26"]
[Round "3"]
[White "Knight77"]
[Black "siddhu"]
[Result "1-0"]
[WhiteElo "1831"]
[BlackElo "1853"]
[TimeControl "2700+45"]

1. Nf3 Nf6 2. g3 g6 3. Bg2 Bg7 4. O-O O-O 5. d3 d6 6. e4 e5 7. Nbd2 Nbd7 8. Re1
Re8 9. Nf1 d5 10. exd5 Nxd5 11. Ne3 Nxe3 12. Bxe3 c6 13. Qd2 h6 14. Bxh6 Bxh6
15. Qxh6 Qb6 16. Re4 Qxb2 17. Rae1 Qxc2 18. Rh4 {Black resigns} 1-0

[Event "Team 45 45 League T24"]
[Site "Internet Chess Club"]
[Date "2004.09.26"]
[Round "3"]
[White "fernbap"]
[Black "CraigCKlein"]
[Result "0-1"]
[WhiteElo "1736"]
[BlackElo "1815"]
[TimeControl "2700+45"]

1. e4 c5 2. Nf3 e6 3. d4 cxd4 4. Nxd4 a6 5. Nc3 Qc7 6. Bd3 Nf6 7. O-O Bc5 8. Be3
d6 9. Qe2 Nbd7 10. a3 b5 11. b4 Bb6 12. Qd2 Bb7 13. f3 Rc8 14. Nce2 O-O 15. a4
bxa4 16. Rxa4 d5 17. exd5 Nxd5 18. Bf2 e5 19. Nb3 Bxf2+ 20. Rxf2 N5b6 21. Ra1
Rfd8 22. Na5 Bd5 23. Bxa6 Qxc2 24. Qxc2 Rxc2 25. Ng3 Rxf2 26. Kxf2 Ra8 27. Bb5
g6 28. Rd1 Be6 29. Ne4 Kg7 30. Bc6 Ra7 31. Nb7 Ra2+ 32. Kg3 f5 33. Nec5 f4+ 34.
Kh4 Bf5 35. Nxd7 Rxg2 {White resigns} 0-1

[Event "Team 45 45 League T24"]
[Site "Internet Chess Club"]
[Date "2004.09.28"]
[Round "3"]
[White "Turnedone"]
[Black "Zillmer"]
[Result "1-0"]
[WhiteElo "2202"]
[BlackElo "2161"]
[TimeControl "2700+45"]

1. e4 e6 2. d4 d5 3. Nc3 Bb4 4. exd5 exd5 5. Bd3 Ne7 6. Qf3 Nbc6 7. Ne2 Be6 8.
a3 Bxc3+ 9. bxc3 Qd7 10. Rb1 O-O-O 11. O-O f6 12. a4 h5 13. Ba3 Bg4 14. Qf4 g5
15. Qxf6 Rdf8 16. Qxg5 Rfg8 17. Qe3 Nf5 18. Bxf5 Qxf5 19. f3 Qxc2 20. Rb2 Qxa4
21. Bd6 Bd7 22. Be5 Nxe5 23. Qxe5 Qc4 24. Nf4 Re8 25. Qxd5 Qxc3 26. Qxb7+ Kd8
27. Qa8+ Ke7 28. Re2+ Kf8 29. Rxe8+ Bxe8 30. Ng6+ Kg7 31. Nxh8 Qe3+ 32. Kh1 Bb5
33. Ra1 a6 34. Qe4 Qxe4 35. fxe4 Kxh8 36. d5 c5 37. dxc6 Bxc6 38. e5 Bb5 39. Kg1
Kg7 40. Kf2 Kg6 41. Ke3 Kf5 42. Kd4 Kf4 43. e6 Kf5 44. Kd5 {Black resigns} 1-0

[Event "Team 45 45 League T24"]
[Site "Internet Chess Club"]
[Date "2004.09.25"]
[Round "3"]
[White "MissedMate"]
[Black "fileman"]
[Result "0-1"]
[WhiteElo "1944"]
[BlackElo "2023"]
[TimeControl "2700+45"]

1. d4 Nc6 2. Nf3 d5 3. Bf4 Bg4 4. e3 e6 5. Nbd2 Nf6 6. c3 Bd6 7. Bg3 O-O 8. Bd3
Re8 9. Qc2 a6 10. Bh4 h6 11. O-O-O b5 12. Rde1 Rb8 13. a3 a5 14. e4 Be7 15. h3
Bxf3 16. gxf3 b4 17. cxb4 axb4 18. Qxc6 bxa3 19. bxa3 Bxa3+ 20. Kd1 dxe4 21.
Bxf6 Qxf6 22. Qxe4 c5 23. d5 Qa1+ 24. Nb1 g6 25. d6 Red8 26. Ke2 Rxd6 27. Qf4
Rbd8 28. Nxa3 Qa2+ 29. Bc2 Qxa3 30. Kf1 Rd2 31. Bb1 Qb2 32. Rh2 Kg7 33. Qe5+
Qxe5 34. Rxe5 c4 35. Re1 c3 36. Re2 Rd1+ 37. Kg2 Rxb1 38. Rc2 Rc8 39. Rh1 Rxh1
40. Kxh1 Kf6 41. Kg1 Ke5 42. Kf1 Kd4 43. Ke2 Kc4 44. Kd1 Kd3 45. Kc1 Rc7 46. Ra2
c2 47. Ra3+ Ke2 48. h4 Kxf2 49. f4 h5 50. Rd3 Rc4 51. Rd7 Rxf4 52. Kxc2 Kg3 53.
Kd3 Kxh4 54. Ke3 Rf5 55. Rd4+ Kg3 56. Rd1 Re5+ {White resigns} 0-1

[Event "Team 45 45 League T24"]
[Site "Internet Chess Club"]
[Date "2004.09.26"]
[Round "3"]
[White "LoseOften"]
[Black "Sergio56"]
[Result "0-1"]
[WhiteElo "1715"]
[BlackElo "1900"]
[TimeControl "2700+45"]

1. e4 d5 2. exd5 Qxd5 3. Nc3 Qa5 4. d4 Nf6 5. Nf3 c6 6. Bd2 Qc7 7. Bc4 Bf5 8.
Ne5 e6 9. g4 Bg6 10. Qe2 Nbd7 11. Nxg6 hxg6 12. g5 Nd5 13. O-O-O O-O-O 14. Qf3
N7b6 15. Bxd5 Nxd5 16. Nxd5 cxd5 17. Be3 Bd6 18. Rd3 Kb8 19. Rc3 Qe7 20. h4 Rc8
21. Rxc8+ Rxc8 22. Bf4 Bxf4+ 23. Qxf4+ Qc7 24. Qxc7+ Kxc7 25. Rh3 Kd6 26. Rf3
Ke7 27. Kd2 f6 28. Rc3 Rxc3 29. Kxc3 e5 30. dxe5 fxe5 31. Kd3 b5 32. b3 b4 33.
c3 bxc3 34. Kxc3 Kd6 35. f3 Kc5 36. a3 e4 37. b4+ Kb5 38. fxe4 dxe4 39. Kd4 Ka4
40. Kxe4 Kxa3 41. Ke5 Kxb4 42. Ke6 a5 43. Kf7 a4 44. Kxg7 a3 45. Kxg6 a2 46. h5
a1=Q 47. h6 Qh8 48. h7 Kc5 49. Kh6 Kd6 50. g6 Qf6 51. Kh5 Ke7 52. Kh6 Kf8 53.
Kh5 Kg7 {White resigns} 0-1

[Event "Team 45 45 League T24"]
[Site "Internet Chess Club"]
[Date "2004.09.27"]
[Round "3"]
[White "NFK"]
[Black "Malcolm"]
[Result "0-1"]
[WhiteElo "1760"]
[BlackElo "1655"]
[TimeControl "2700+45"]

1. e4 e5 2. Nf3 Nc6 3. d4 exd4 4. Bc4 Bc5 5. O-O d6 6. c3 Bg4 7. b4 Bb6 8. Qb3
Qe7 9. Bg5 f6 10. Bxg8 Bxf3 11. gxf3 fxg5 12. Bxh7 O-O-O 13. Bf5+ Kb8 14. a4
dxc3 15. Nxc3 Qe5 16. h3 Nd4 17. Qd1 Nxf5 18. Nd5 Rxh3 {White resigns} 0-1

[Event "Team 45 45 League T24"]
[Site "Internet Chess Club"]
[Date "2004.09.25"]
[Round "3"]
[White "fernbap"]
[Black "rph"]
[Result "0-1"]
[WhiteElo "1750"]
[BlackElo "1752"]
[TimeControl "2700+45"]

1. Nf3 d5 2. c4 c6 3. b3 Bf5 4. Bb2 Nd7 5. g3 Ngf6 6. Bg2 e6 7. d3 Be7 8. O-O
O-O 9. Nbd2 Qc7 10. Rc1 Rfe8 11. Nh4 Bg6 12. Nxg6 hxg6 13. cxd5 exd5 14. a3 a5
15. Qc2 Qb6 16. d4 Bd6 17. Rfe1 Qd8 18. e3 Nf8 19. e4 dxe4 20. Nxe4 Nxe4 21.
Rxe4 Rxe4 22. Qxe4 Nd7 23. Qd3 Nf6 24. Qc4 Qe7 25. a4 Rd8 26. Kf1 Bb4 27. Bc3
Bxc3 28. Qxc3 Qc7 29. b4 axb4 30. Qxb4 Nd5 31. Qc5 Qd7 32. a5 Ra8 33. Rb1 Qd8
34. Rxb7 Rxa5 35. Qxc6 Ra1+ 36. Ke2 Ra2+ 37. Kd3 Ra3+ 38. Kc4 Rc3+ {White
resigns} 0-1

[Event "Team 45 45 League T24"]
[Site "Internet Chess Club"]
[Date "2004.09.26"]
[Round "3"]
[White "hoyd"]
[Black "gessie7"]
[Result "1-0"]
[WhiteElo "1618"]
[BlackElo "1604"]
[TimeControl "2700+45"]

1. c4 e6 2. Nf3 d5 3. cxd5 exd5 4. d3 Nf6 5. g3 c5 6. Bg2 Nc6 7. b3 d4 8. O-O h6
9. Re1 Bd6 10. Na3 O-O 11. Nc4 Be6 12. Nxd6 Qxd6 13. Bf4 Qd7 14. Qc2 Nb4 15. Qd2
Nfd5 16. Ne5 Qc8 17. a3 Nxf4 18. axb4 Nxg2 19. Kxg2 Bh3+ 20. Kg1 Qe6 21. Nf3
Qxb3 22. bxc5 Qd5 23. Rec1 g5 24. Ra4 Qc6 25. Rxd4 Rfd8 26. Rxd8+ Rxd8 27. d4 g4
28. Nh4 Rd5 29. f3 Rh5 30. Qf4 Qd5 31. Kf2 gxf3 32. Qxf3 Qxd4+ 33. Qe3 Qd5 34.
Nf3 Bg4 35. h4 Qc6 36. Ne5 Rf5+ 37. Nf3 Qf6 38. Rc4 Bxf3 39. exf3 Qb2+ 40. Qe2
Qxe2+ 41. Kxe2 Rd5 42. Ke3 f5 43. g4 Kf7 44. c6 bxc6 45. Rxc6 Re5+ 46. Kd4 Re6
47. Rc7+ Re7 48. Rxe7+ Kxe7 49. g5 Kf7 50. f4 Kg6 51. Kc4 hxg5 52. hxg5 Kf7 53.
Kb5 Ke6 54. Ka6 Ke7 55. Kxa7 Ke6 56. Ka8 Ke7 57. Ka7 Ke6 58. Ka6 Ke7 59. Kb6 Kf7
60. Kc6 Ke6 61. Kc5 Kf7 62. Kd6 Kg6 63. Ke5 {Black resigns} 1-0

[Event "Team 45 45 League T24"]
[Site "Internet Chess Club"]
[Date "2004.09.25"]
[Round "3"]
[White "ogoon"]
[Black "crankn8tr"]
[Result "0-1"]
[WhiteElo "1575"]
[BlackElo "1494"]
[TimeControl "2700+45"]

1. e4 c6 2. d4 d5 3. e5 Bf5 4. Nd2 e6 5. Ngf3 Bb4 6. c3 Ba5 7. Be2 Nd7 8. Nb3
Bb6 9. Be3 Rc8 10. Qd2 c5 11. Bd3 Bxd3 12. dxc5 Bxc5 13. Bxc5 Nxc5 14. Nxc5 Rxc5
15. Qxd3 Ne7 16. Ng5 Ng6 17. b4 Rc4 18. Nf3 Re4+ 19. Kd2 Qb6 20. Nd4 a6 21. Qg3
O-O 22. Rhe1 Nxe5 23. Rxe4 Nc4+ 24. Kc2 dxe4 25. Re1 f5 26. h4 a5 27. h5 axb4
28. h6 g6 29. f4 Rc8 30. Re3 Nxe3+ 31. Qxe3 Rxc3+ {White resigns} 0-1

[Event "Team 45 45 League T24"]
[Site "Internet Chess Club"]
[Date "2004.09.26"]
[Round "3"]
[White "JLMOE"]
[Black "JesterFox"]
[Result "0-1"]
[WhiteElo "1368"]
[BlackElo "1491"]
[TimeControl "2700+45"]

1. b3 d5 2. Bb2 Nc6 3. e3 e5 4. Bb5 Bd6 5. d4 e4 6. Nd2 Nf6 7. c4 a6 8. cxd5
axb5 9. dxc6 bxc6 10. Ne2 O-O 11. h3 Re8 12. O-O Nd5 13. Nc3 Qh4 14. Ncxe4 Rxe4
15. Nxe4 Qxe4 16. Qf3 Qxf3 17. gxf3 Bxh3 18. Rfc1 Bd7 19. e4 Nb4 20. a3 Nd3 21.
Rc2 Nxb2 22. Rxb2 Rxa3 23. Raa2 f6 24. Kf1 Be6 25. Ke2 Rxa2 26. Rxa2 Bxb3 27.
Ra6 c5 28. d5 h5 29. Kf1 c4 30. Rc6 Be5 31. f4 Bxf4 32. f3 Be5 33. Kf2 c3 34.
Ke2 c2 35. Kd2 Bf4+ 36. Ke2 c1=Q 37. Rxc1 Bxc1 38. f4 Bc4+ 39. Kf3 b4 40. e5
fxe5 41. fxe5 Bxd5+ 42. Kg3 b3 43. e6 Bxe6 44. Kh4 b2 45. Kxh5 b1=Q 46. Kh4 Qe4+
47. Kh5 Qg4# {White checkmated} 0-1

[Event "Team 45 45 League T24"]
[Site "Internet Chess Club"]
[Date "2004.09.26"]
[Round "3"]
[White "Lyko"]
[Black "swingdoc"]
[Result "0-1"]
[WhiteElo "1568"]
[BlackElo "1645"]
[TimeControl "2700+45"]

1. e4 d5 2. exd5 Nf6 3. d4 Bg4 4. Be2 Bxe2 5. Nxe2 Qxd5 6. Be3 Qxg2 7. Ng3 Ne4
8. Qg4 Nxg3 9. Qxg3 Qxh1+ 10. Ke2 Qc6 11. Nc3 Nd7 12. Bf4 O-O-O 13. d5 Qc4+ 14.
Kd2 e5 15. Be3 Kb8 16. Qg2 Bb4 17. Qxg7 Bxc3+ 18. bxc3 Qxd5+ 19. Ke2 Qc4+ 20.
Kd2 Nb6+ {White resigns} 0-1

[Event "Team 45 45 League T24"]
[Site "Internet Chess Club"]
[Date "2004.09.25"]
[Round "3"]
[White "olymon"]
[Black "forquesato"]
[Result "0-1"]
[WhiteElo "1501"]
[BlackElo "1763"]
[TimeControl "2700+45"]

1. e4 c5 2. Nf3 Nc6 3. c3 d5 4. exd5 Qxd5 5. Na3 e5 6. Bc4 Qe4+ 7. Kf1 Nf6 8.
Bxf7+ Ke7 9. Ng5 Qd3+ 10. Kg1 b5 11. h4 h6 12. Rh3 Bxh3 13. Nxh3 Kxf7 14. Qb3+
Qd5 15. Qxb5 Qe6 16. d3 Be7 17. f3 Qd5 18. Bd2 Rhb8 19. Qa4 Rxb2 20. Nc4 Rbb8
21. Qc2 Rb7 22. Re1 Rd8 23. Re3 Nd7 24. f4 Nb6 25. Nxe5+ Nxe5 26. fxe5 Nc4 27.
e6+ Kg8 28. dxc4 Qxd2 29. Qe4 Rb1+ 30. Kh2 Rb2 31. Nf4 Bd6 32. Rf3 Qxg2# {White
checkmated} 0-1

[Event "Team 45 45 League T24"]
[Site "Internet Chess Club"]
[Date "2004.09.26"]
[Round "3"]
[White "Huskey"]
[Black "sdcohle"]
[Result "1-0"]
[WhiteElo "1564"]
[BlackElo "1354"]
[TimeControl "2700+45"]

1. e4 c5 2. Nf3 d6 3. d4 cxd4 4. Nxd4 Nf6 5. Nc3 e5 6. Nf3 Nc6 7. Bc4 Be7 8. Be3
O-O 9. Qe2 Ng4 10. O-O-O Nxe3 11. fxe3 Bg4 12. Nd5 Bg5 13. Kb1 Rc8 14. h3 Bxf3
15. gxf3 Na5 16. Bd3 Nc6 17. f4 exf4 18. exf4 Bh6 19. Ne3 Bxf4 20. Nf5 Re8 21.
Qg4 Be5 22. h4 Ne7 23. h5 Nxf5 24. exf5 Qf6 25. c3 h6 26. Rhf1 Rc6 27. Bb5 Rb6
28. Bxe8 Bxc3 29. b3 Qe5 30. f6 g6 31. hxg6 Qxe8 32. gxf7+ Kxf7 33. Qg7+ Ke6 34.
f7 Qe7 35. Qxc3 Rc6 36. Qe3+ Kd7 37. Qxe7+ Kxe7 38. f8=Q+ Kd7 39. Rf7+ Ke6 40.
Qe8# {Black checkmated} 1-0

[Event "Team 45 45 League T24"]
[Site "Internet Chess Club"]
[Date "2004.09.26"]
[Round "3"]
[White "HebertPerezG"]
[Black "trikmamak"]
[Result "1/2-1/2"]
[WhiteElo "2263"]
[BlackElo "2183"]
[TimeControl "2700+45"]

1. e4 c5 2. Nf3 Nc6 3. Bb5 g6 4. O-O Bg7 5. Re1 e5 6. Bxc6 dxc6 7. d3 f6 8. Be3
b6 9. Qc1 Be6 10. a4 a5 11. Nbd2 Nh6 12. Nc4 Nf7 13. Qd2 Bxc4 14. dxc4 Qxd2 15.
Bxd2 Bh6 16. Bc3 O-O-O 17. b3 Rd7 18. h3 Ng5 19. Nxg5 Bxg5 20. Red1 Rhd8 21.
Rxd7 Rxd7 22. g3 Bd2 23. Bb2 Bh6 24. Rf1 g5 25. Bc1 Rd4 26. f3 Bg7 27. Be3 Rd7
28. Kf2 Kd8 29. Rh1 Ke8 30. h4 h6 31. g4 Kf7 32. Ke2 Ke6 33. h5 {Game drawn by
mutual agreement} 1/2-1/2

[Event "Team 45 45 League T24"]
[Site "Internet Chess Club"]
[Date "2004.09.23"]
[Round "3"]
[White "DavidBarnsley"]
[Black "SpanishFly"]
[Result "1-0"]
[WhiteElo "2059"]
[BlackElo "1967"]
[TimeControl "2700+45"]

1. d4 Nf6 2. Nc3 g6 3. e4 d6 4. Bd3 Bg7 5. Bg5 Nbd7 6. f4 h6 7. Bh4 Nh5 8. Nge2
Nxf4 9. Nxf4 g5 10. Nh5 Bxd4 11. Bf2 Be5 12. Bg3 Bxc3+ 13. bxc3 O-O 14. Bc4 Nb6
15. Bb3 c5 16. O-O Qd7 17. h3 g4 18. Qd2 Kh7 19. Nf6+ exf6 20. Rxf6 Qe7 21.
Qxh6+ Kg8 22. Qg5+ {Black resigns} 1-0

[Event "Team 45 45 League T24"]
[Site "Internet Chess Club"]
[Date "2004.09.25"]
[Round "3"]
[White "Rhand"]
[Black "Chief-Justice"]
[Result "1/2-1/2"]
[WhiteElo "1901"]
[BlackElo "1911"]
[TimeControl "2700+45"]

1. e4 c5 2. Nf3 e6 3. c4 d5 4. exd5 exd5 5. d4 cxd4 6. cxd5 Qxd5 7. Qxd4 Qxd4 8.
Nxd4 Nf6 9. Bb5+ Bd7 10. O-O Bb4 11. a3 Ba5 12. b4 Bb6 13. Re1+ Kd8 14. Bb2 Bxd4
15. Bxd4 Bxb5 16. Rd1 Ke8 17. Nc3 Bc6 18. b5 Bd7 19. Bxf6 gxf6 20. Nd5 Bxb5 21.
Nc7+ Ke7 22. Nxa8 Na6 23. Re1+ Kf8 24. Rac1 Bc6 25. Re3 f5 26. Rec3 Kg7 27. Rxc6
bxc6 28. Rxc6 Rd8 29. g3 Nb8 30. Rc3 Na6 31. Nc7 Nxc7 32. Rxc7 {Game drawn by
mutual agreement} 1/2-1/2

[Event "Team 45 45 League T24"]
[Site "Internet Chess Club"]
[Date "2004.09.25"]
[Round "3"]
[White "LeonieHelm"]
[Black "evorg"]
[Result "0-1"]
[WhiteElo "1802"]
[BlackElo "1810"]
[TimeControl "2700+45"]

1. e4 e5 2. Nf3 Nc6 3. d4 exd4 4. Bc4 Bc5 5. O-O d6 6. c3 Bg4 7. b4 Bb6 8. b5
Ne5 9. Bd5 Nxf3+ 10. gxf3 Bh3 11. Bxb7 Qf6 12. Kh1 Bxf1 13. Qxf1 Rd8 14. Bc6+
Kf8 15. Qg2 h6 16. a4 dxc3 17. Ra3 Bd4 18. Be3 Bxe3 19. fxe3 c2 20. Qxc2 Qxf3+
21. Qg2 Qxg2+ 22. Kxg2 Ne7 23. Nc3 Nxc6 24. bxc6 Kg8 25. Rb3 Kh7 26. Rb7 Ra8 27.
Nd5 Rhc8 28. a5 a6 29. Ne7 Re8 30. Rxc7 Rxe7 31. Rxe7 Rc8 32. c7 Kg6 33. Kf3 Kf6
34. Rd7 Ke6 35. Rd8 Rxc7 36. Re8+ Kd7 37. Ra8 Rc6 38. Ra7+ Ke6 39. h4 g6 40. Ra8
Kf6 41. Kf4 Ke7 42. Ra7+ Ke8 43. Ra8+ Kd7 44. Ra7+ Ke6 45. Ra8 f6 46. Re8+ Kf7
47. Ra8 g5+ 48. hxg5 hxg5+ 49. Kf3 Ke7 50. Ra7+ Ke6 51. Ra8 Kd7 52. Ra7+ Ke6 53.
Ra8 d5 54. exd5+ Kxd5 55. Rd8+ Kc4 56. Rb8 f5 57. Rb6 Kd5 58. Rb8 Rc5 59. Rf8
Kc6 60. Rg8 g4+ 61. Kf4 Rxa5 62. Rg6+ Kd7 63. Rg7+ Ke6 64. Rg6+ Kf7 65. Rb6 Ke7
66. Rb7+ Kd6 67. Rb6+ Kc7 68. Rf6 Kb7 69. Rf7+ Kc8 70. Rf8+ Kd7 71. Rf7+ Ke6 72.
Rb7 Ra4+ 73. Kg5 g3 74. Rb1 Rg4+ 75. Kh5 g2 76. Rg1 Ke5 {White resigns} 0-1

[Event "Team 45 45 League T24"]
[Site "Internet Chess Club"]
[Date "2004.09.26"]
[Round "3"]
[White "IAMC"]
[Black "Catalog"]
[Result "1/2-1/2"]
[WhiteElo "2025"]
[BlackElo "2142"]
[TimeControl "2700+45"]

1. e4 c5 2. Nc3 Nc6 3. g3 g6 4. Bg2 Bg7 5. d3 e6 6. Be3 Nd4 7. Qd2 Ne7 8. Nd1 d6
9. c3 Ndc6 10. Bh6 O-O 11. Bxg7 Kxg7 12. f4 f5 13. Nf3 Rb8 14. O-O b5 15. Ne3
Qb6 16. Rf2 a5 17. Re1 h6 18. h3 d5 19. exd5 exd5 20. d4 c4 21. Ne5 Nxe5 22.
dxe5 Be6 23. Nc2 Nc6 24. Rd1 Rfd8 25. Nd4 Nxd4 26. Qxd4 b4 27. Qxb6 Rxb6 28.
Rfd2 bxc3 29. bxc3 a4 30. Bxd5 Rxd5 31. Rxd5 Bxd5 32. Rxd5 Rb2 33. Rd7+ Kf8 34.
Rc7 Rxa2 35. Rxc4 a3 36. Ra4 Ra1+ 37. Kg2 a2 38. Ra7 Ke8 39. c4 h5 40. e6 Rc1
41. Rxa2 Rxc4 42. Ra8+ Ke7 43. Rg8 Rc2+ 44. Kf3 Rc3+ 45. Kf2 Rc2+ 46. Ke1 Kxe6
47. Rxg6+ Kd5 48. Rg5 Ke4 49. Rxh5 Ke3 50. Kd1 Rd2+ 51. Kc1 Rg2 52. Rg5 Ke4 53.
h4 Kd3 54. h5 Kc3 55. Kd1 Kd3 56. Ke1 Ke3 57. Kf1 Kf3 58. Rxf5 Rxg3 59. Ke1 Rh3
60. Kd2 Ke4 {Game drawn by mutual agreement} 1/2-1/2

[Event "Team 45 45 League T24"]
[Site "Internet Chess Club"]
[Date "2004.09.25"]
[Round "3"]
[White "EdBorowski"]
[Black "azbycx"]
[Result "1/2-1/2"]
[WhiteElo "2054"]
[BlackElo "1920"]
[TimeControl "2700+45"]

1. Nf3 Nf6 2. d4 e6 3. Bg5 Be7 4. e3 b6 5. Bd3 Bb7 6. Nbd2 d5 7. c3 Nbd7 8. O-O
O-O 9. Qe2 c5 10. c4 cxd4 11. Nxd4 e5 12. Nf5 e4 13. Nxe7+ Qxe7 14. Bc2 Qe5 15.
Bxf6 Nxf6 16. Rab1 Rfc8 17. Bb3 Ba6 18. Rfc1 Rc7 19. Qd1 d4 20. exd4 Qxd4 21.
Nf1 Qxd1 22. Rxd1 Bxc4 23. Bxc4 Rxc4 24. Ne3 Rc5 25. Rbc1 g6 26. Rxc5 bxc5 27.
Rd6 Kg7 28. Rc6 Rb8 29. b3 Rb5 30. Ra6 Rb7 31. Rc6 Rb5 32. Ra6 Rb7 33. Rc6 Rb5
{Game drawn by repetition} 1/2-1/2

[Event "Team 45 45 League T24"]
[Site "Internet Chess Club"]
[Date "2004.09.25"]
[Round "3"]
[White "elnik"]
[Black "MaxII"]
[Result "1-0"]
[WhiteElo "1911"]
[BlackElo "1648"]
[TimeControl "2700+45"]

1. d4 d5 2. c4 e6 3. Nc3 Nf6 4. cxd5 exd5 5. Bg5 Be7 6. e3 O-O 7. Bd3 h6 8. Bh4
c6 9. Nge2 Nbd7 10. Qc2 Re8 11. O-O Nf8 12. f3 Nh5 13. Bf2 Bd6 14. e4 Nf4 15.
Nxf4 Bxf4 16. Ne2 dxe4 17. fxe4 Bc7 18. Rae1 Bb6 19. Kh1 Bg4 20. Ng3 Bxd4 21.
Bxd4 Qxd4 22. Nf5 Bxf5 23. Rxf5 Rad8 24. Bc4 Rxe4 25. Qxe4 Qxe4 26. Rxe4 Ne6 27.
Rf1 Ng5 28. Ref4 Rd2 29. R4f2 Rd4 30. Bxf7+ Kh7 31. Bb3 Rd3 32. Bc2 {Black
resigns} 1-0